[Event "FIDE Women GP Monaco 2019"]
[Site "Monaco"]
[Date "2019.12.03"]
[Round "1.1"]
[White "Harika, Dronavalli"]
[Black "Dzagnidze, Nana"]
[Result "1/2-1/2"]
[ECO "B28"]
[WhiteElo "2518"]
[BlackElo "2520"]
[Annotator "ChessBase"]
[PlyCount "83"]
[EventDate "2019.12.03"]
[EventType "tourn"]
[EventCountry "MNC"]
[SourceTitle "playchess.com"]
[Source "ChessBase"]
[SourceQuality "1"]
[TimeControl "40/5400+30:1800+30"]

1. e4 c5 2. Nf3 a6 3. c3 Nf6 4. e5 Nd5 5. d4 cxd4 6. cxd4 d6 7. Bc4 e6 8. O-O Be7 9. Bxd5 exd5 10. Nc3 Be6 11. exd6 Bxd6 12. Ng5 O-O 13. f4 h6 14. f5 hxg5 15. fxe6 fxe6 16. Rxf8+ Qxf8 17. Qg4 Qf5 18. Qxf5 exf5 19. Bxg5 Nc6 20. Rd1 Re8 21. Nxd5 Nxd4 22. Be3 Nc6 23. Bf4 Bxf4 24. Nxf4 Kf7 25. Kf2 Ne5 26. h3 g5 27. Nd3 Nxd3+ 28. Rxd3 b5 29. Rd7+ Kf6 30. Rd6+ Ke5 31. Rxa6 Rc8 32. Ra5 Rc2+ 33. Kf3 Rxb2 34. a4 Rb3+ 35. Kf2 Rb2+ 36. Kf3 Rb3+ 37. Kf2 Rb2+ 38. Kg1 Kf4 39. Rxb5 Ra2 40. Rb4+ Kg3 41. Rb3+ Kf4 42. Rb4+ 1/2-1/2

[Event "FIDE Women GP Monaco 2019"]
[Site "Monaco"]
[Date "2019.12.03"]
[Round "1.2"]
[White "Paehtz, Elisabeth"]
[Black "Zhao, Xue"]
[Result "1/2-1/2"]
[ECO "B33"]
[WhiteElo "2475"]
[BlackElo "2485"]
[Annotator "RC"]
[PlyCount "62"]
[EventDate "2019.12.03"]
[EventType "tourn"]
[EventCountry "MNC"]
[SourceTitle "playchess.com"]
[Source "ChessBase"]
[SourceQuality "1"]
[TimeControl "40/5400+30:1800+30"]

1. e4 c5 2. Nf3 Nc6 3. d4 cxd4 4. Nxd4 Nf6 5. Nc3 e5 6. Ndb5 d6 7. Bg5 a6 8. Na3 b5 9. Nd5 Be7 10. Bxf6 Bxf6 11. c3 Bg5 12. Nc2 Rb8 13. Be2 O-O 14. O-O Ne7 15. Ncb4 Bb7 16. a4 a5 17. Nxe7+ Bxe7 18. Nd5 bxa4 19. Rxa4 Bxd5 20. Qxd5 Rxb2 21. Bc4 Qc7 22. Qxa5 Qxa5 23. Rxa5 Bd8 24. Ra2 Rxa2 25. Bxa2 Bb6 26. Rb1 Rb8 27. g3 Kf8 28. Kg2 Ke7 29. Bd5 g6 30. h4 Ba7 31. Rxb8 Bxb8 1/2-1/2

[Event "FIDE Women GP Monaco 2019"]
[Site "Monaco"]
[Date "2019.12.03"]
[Round "1.3"]
[White "Cramling, Pia"]
[Black "Kosteniuk, Alexandra"]
[Result "1/2-1/2"]
[ECO "E43"]
[WhiteElo "2461"]
[BlackElo "2483"]
[Annotator "ChessBase"]
[PlyCount "86"]
[EventDate "2019.12.03"]
[EventType "tourn"]
[EventCountry "MNC"]
[SourceTitle "playchess.com"]
[Source "ChessBase"]
[SourceQuality "1"]
[TimeControl "40/5400+30:1800+30"]

1. d4 Nf6 2. c4 e6 3. Nc3 Bb4 4. e3 b6 5. Bd2 O-O 6. Nf3 c5 7. Bd3 cxd4 8. exd4 Bb7 9. a3 Be7 10. b4 a5 11. Rb1 axb4 12. axb4 Na6 13. c5 Nc7 14. O-O Ncd5 15. Ne5 Ra3 16. Nxd5 Bxd5 17. Bc1 Ra2 18. Nc4 b5 19. Nb6 Bc6 20. Bb2 Qb8 21. Re1 Qb7 22. d5 Bxd5 23. Nxd5 Qxd5 24. Bxb5 Qf5 25. Qd4 d6 26. cxd6 Bxd6 27. Qxd6 Qxb5 28. Bxf6 gxf6 29. Rb3 Qb8 30. Rg3+ Kh8 31. Qd4 Qd8 32. Qg4 Rg8 33. Rd1 Qb8 34. Qh4 Qe5 35. Rxg8+ Kxg8 36. h3 h5 37. Qc4 Rb2 38. g3 Qf5 39. Qd4 Qe5 40. Kg2 Kg7 41. Rd2 Rb1 42. Qxe5 fxe5 43. Re2 Kf6 1/2-1/2

[Event "FIDE Women GP Monaco 2019"]
[Site "Monaco"]
[Date "2019.12.04"]
[Round "2.2"]
[White "Koneru, Humpy"]
[Black "Muzychuk, Mariya"]
[Result "1-0"]
[ECO "D86"]
[WhiteElo "2574"]
[BlackElo "2559"]
[Annotator "ChessBase"]
[PlyCount "127"]
[EventDate "2019.12.03"]
[EventType "tourn"]
[EventCountry "MNC"]
[SourceTitle "playchess.com"]
[Source "ChessBase"]
[SourceQuality "1"]
[TimeControl "40/5400+30:1800+30"]

1. d4 Nf6 2. c4 g6 3. Nc3 d5 4. cxd5 Nxd5 5. e4 Nxc3 6. bxc3 Bg7 7. Bc4 c5 8. Ne2 O-O 9. O-O Nc6 10. Be3 b6 11. dxc5 Qc7 12. Nd4 Ne5 13. Nb5 Qb8 14. Be2 a6 15. Na3 bxc5 16. f4 Nc6 17. Qc2 Qc7 18. Rab1 Be6 19. Bc4 Bxc4 20. Nxc4 Rfb8 21. e5 e6 22. Rxb8+ Rxb8 23. Qa4 Ra8 24. Rd1 Bf8 25. Nd6 Ne7 26. Ne8 Qc6 27. Qxc6 Nxc6 28. Nf6+ Kg7 29. Rd7 g5 30. g3 gxf4 31. gxf4 Rd8 32. Kf2 Rxd7 33. Nxd7 c4 34. Kf3 Be7 35. Nb6 Na5 36. Ke4 f6 37. exf6+ Bxf6 38. Bd4 Bxd4 39. Kxd4 Kf6 40. Ke4 Ke7 41. Ke3 Kf7 42. Nd7 Nc6 43. Nc5 a5 44. Nd7 Ne7 45. Kd4 Nd5 46. f5 Ne7 47. fxe6+ Kxe6 48. Nf8+ Kf5 49. Nxh7 Ng8 50. Kxc4 Nh6 51. Kb5 Ng4 52. h4 Ne5 53. Kxa5 Kg6 54. Ng5 Kh5 55. Kb5 Kxh4 56. Ne6 Kg4 57. a4 Kf5 58. Nc5 Nf7 59. Kc6 Ke5 60. a5 Nd6 61. Nd3+ Ke6 62. a6 Nc8 63. c4 Ke7 64. Kc7 1-0

[Event "FIDE Women GP Monaco 2019"]
[Site "Monaco"]
[Date "2019.12.04"]
[Round "2.3"]
[White "Lagno, Kateryna"]
[Black "Gunina, Valentina"]
[Result "1-0"]
[ECO "C67"]
[WhiteElo "2547"]
[BlackElo "2492"]
[Annotator "ChessBase"]
[PlyCount "145"]
[EventDate "2019.12.03"]
[EventType "tourn"]
[EventCountry "MNC"]
[SourceTitle "playchess.com"]
[Source "ChessBase"]
[SourceQuality "1"]
[TimeControl "40/5400+30:1800+30"]

1. e4 e5 2. Nf3 Nc6 3. Bb5 Nf6 4. O-O Nxe4 5. Re1 Nd6 6. Nxe5 Nxe5 7. Rxe5+ Be7 8. Bf1 O-O 9. d4 Bf6 10. Re1 Nf5 11. d5 d6 12. Nd2 c6 13. Ne4 Be5 14. c3 cxd5 15. Qxd5 Be6 16. Qxb7 Rb8 17. Qa6 d5 18. Ng5 Rb6 19. Qe2 Bb8 20. Qh5 h6 21. Nxe6 fxe6 22. Bd3 Qf6 23. Bxf5 exf5 24. Qf3 Qd6 25. g3 f4 26. gxf4 Qd7 27. Be3 Rxb2 28. Red1 Qf7 29. Qxd5 a6 30. Qxf7+ Rxf7 31. Rab1 Rxb1 32. Rxb1 Bxf4 33. Bd4 Rf5 34. Rb6 Rg5+ 35. Kh1 Ra5 36. Rg6 Rxa2 37. Rxg7+ Kf8 38. Ra7 a5 39. Kg2 a4 40. c4 Ke8 41. c5 a3 42. h3 Rd2 43. Bc3 Rc2 44. Rxa3 Be3 45. Be1 Bxc5 46. Ra6 Rc1 47. Re6+ Kf7 48. Re2 Bf8 49. Ba5 Rc6 50. Rb2 Rg6+ 51. Kf1 Rf6 52. Bb6 Kg6 53. Be3 Ra6 54. Kg2 Re6 55. Rb5 Be7 56. Kg3 Bg5 57. Bd4 Rd6 58. Be5 Rd3+ 59. f3 Ra3 60. h4 Be7 61. h5+ Kf7 62. Rb6 Bg5 63. Kg4 Be3 64. Rf6+ Kg8 65. Rg6+ Kf7 66. f4 Ra5 67. Rf6+ Kg8 68. Rxh6 Bc5 69. Kf5 Bf8 70. Rh8+ Kf7 71. h6 Ra6 72. Rxf8+ Kxf8 73. h7 1-0

[Event "FIDE Women GP Monaco 2019"]
[Site "Monaco"]
[Date "2019.12.04"]
[Round "2.4"]
[White "Kosteniuk, Alexandra"]
[Black "Goryachkina, Aleksandra"]
[Result "1-0"]
[ECO "B11"]
[WhiteElo "2483"]
[BlackElo "2572"]
[Annotator "ChessBase"]
[PlyCount "137"]
[EventDate "2019.12.03"]
[EventType "tourn"]
[EventCountry "MNC"]
[SourceTitle "playchess.com"]
[Source "ChessBase"]
[SourceQuality "1"]
[TimeControl "40/5400+30:1800+30"]

1. e4 c6 2. Nc3 d5 3. Nf3 Bg4 4. h3 Bxf3 5. Qxf3 Nf6 6. g3 e6 7. Bg2 dxe4 8. Qe2 Nbd7 9. Nxe4 Nxe4 10. Qxe4 Nf6 11. Qe2 Bd6 12. b3 a5 13. a4 O-O 14. Bb2 Be7 15. O-O Nd5 16. c4 Nb4 17. d4 Bf6 18. Rad1 Re8 19. Bc3 Qb6 20. Rfe1 Na6 21. Qb2 Nc7 22. Rd3 Red8 23. Red1 h6 24. Be4 Ne8 25. R3d2 Rd7 26. h4 Rad8 27. Rd3 Qa7 28. Qd2 Nd6 29. Bg2 Nf5 30. d5 Bxc3 31. Qxc3 cxd5 32. cxd5 Qa6 33. Bf1 Ne7 34. dxe6 Qxe6 35. Qxa5 Rxd3 36. Rxd3 Rc8 37. Re3 Qd7 38. Bc4 Nc6 39. Qc5 Re8 40. Qd5 Rd8 41. Qxd7 Rxd7 42. Re8+ Kh7 43. h5 g6 44. hxg6+ Kxg6 45. Kg2 Na5 46. Bb5 Rd4 47. Re7 Kg7 48. Rc7 Kf8 49. Bc4 Nxc4 50. bxc4 b6 51. Rc6 h5 52. Kh3 Kg7 53. f4 f6 54. Rxb6 Rxc4 55. a5 Ra4 56. a6 Kg6 57. Kh4 Ra1 58. g4 hxg4 59. Kxg4 Ra4 60. Kf3 Kf5 61. Ke3 Re4+ 62. Kd3 Ra4 63. Rc6 Ra1 64. Kc4 Kxf4 65. Rxf6+ Ke5 66. Rh6 Rc1+ 67. Kb5 Kd5 68. a7 Rb1+ 69. Ka6 1-0

[Event "FIDE Women GP Monaco 2019"]
[Site "Monaco"]
[Date "2019.12.04"]
[Round "2.5"]
[White "Zhao, Xue"]
[Black "Cramling, Pia"]
[Result "1/2-1/2"]
[ECO "A21"]
[WhiteElo "2485"]
[BlackElo "2461"]
[Annotator "ChessBase"]
[PlyCount "60"]
[EventDate "2019.12.03"]
[EventType "tourn"]
[EventCountry "MNC"]
[SourceTitle "playchess.com"]
[Source "ChessBase"]
[SourceQuality "1"]
[TimeControl "40/5400+30:1800+30"]

1. c4 e5 2. Nc3 Bb4 3. g3 Bxc3 4. dxc3 d6 5. Bg2 Ne7 6. Nf3 Nbc6 7. e4 O-O 8. Qe2 a6 9. Be3 b6 10. O-O-O Qe8 11. b3 f6 12. Nh4 Be6 13. f4 Rd8 14. f5 Bf7 15. Rd2 b5 16. c5 d5 17. Rhd1 d4 18. cxd4 exd4 19. Bf4 Ne5 20. Rxd4 Rxd4 21. Rxd4 N7c6 22. Rd2 Qe7 23. Be3 a5 24. Qxb5 Rb8 25. Qa6 Qe8 26. Nf3 Ra8 27. Qb5 Rb8 28. Qa6 Ra8 29. Qb5 Rb8 30. Qa6 Ra8 1/2-1/2

[Event "FIDE Women GP Monaco 2019"]
[Site "Monaco"]
[Date "2019.12.04"]
[Round "2.6"]
[White "Harika, Dronavalli"]
[Black "Paehtz, Elisabeth"]
[Result "1-0"]
[ECO "D15"]
[WhiteElo "2518"]
[BlackElo "2475"]
[Annotator "ChessBase"]
[PlyCount "101"]
[EventDate "2019.12.03"]
[EventType "tourn"]
[EventCountry "MNC"]
[SourceTitle "playchess.com"]
[Source "ChessBase"]
[SourceQuality "1"]
[TimeControl "40/5400+30:1800+30"]

1. d4 d5 2. c4 c6 3. Nc3 Nf6 4. Nf3 a6 5. Qc2 Nbd7 6. cxd5 cxd5 7. Bf4 e6 8. e3 b5 9. Bd3 Bb7 10. O-O Be7 11. Rfc1 Rc8 12. Qb3 O-O 13. a4 b4 14. Ne2 Qa5 15. Qd1 Ne4 16. Rxc8 Rxc8 17. Nc1 Qd8 18. Nb3 g5 19. Be5 f6 20. Bg3 h5 21. h3 Nxg3 22. fxg3 Qc7 23. Nh2 Qxg3 24. Nf1 Qd6 25. Qxh5 Nf8 26. h4 Bc6 27. hxg5 Be8 28. Qh2 Qxh2+ 29. Nxh2 fxg5 30. a5 Ra8 31. Ng4 Bg6 32. Bxg6 Nxg6 33. Rc1 Ra7 34. Rc6 Kf7 35. Kf2 Bf8 36. Ke2 Be7 37. Kd3 Bf8 38. Rb6 Be7 39. Nc5 Bxc5 40. dxc5 Ke7 41. Kd4 Nh4 42. Ne5 Nf5+ 43. Kd3 Rc7 44. Nc6+ Kf6 45. Rxa6 Ng3 46. Nd4 Rxc5 47. Rxe6+ Kf7 48. a6 Ra5 49. Nc6 Ra1 50. Re7+ Kf6 51. a7 1-0

[Event "FIDE Women GP Monaco 2019"]
[Site "Monaco"]
[Date "2019.12.05"]
[Round "3.1"]
[White "Paehtz, Elisabeth"]
[Black "Dzagnidze, Nana"]
[Result "0-1"]
[ECO "B42"]
[WhiteElo "2475"]
[BlackElo "2520"]
[Annotator "ChessBase"]
[PlyCount "150"]
[EventDate "2019.12.03"]
[EventType "tourn"]
[EventCountry "MNC"]
[SourceTitle "playchess.com"]
[Source "ChessBase"]
[SourceQuality "1"]
[TimeControl "40/5400+30:1800+30"]

1. e4 c5 2. Nf3 e6 3. d4 cxd4 4. Nxd4 a6 5. Bd3 Bc5 6. Nb3 Ba7 7. Nc3 Ne7 8. Qe2 Nbc6 9. Be3 d6 10. Bxa7 Rxa7 11. f4 b5 12. O-O O-O 13. Rad1 Ng6 14. Qe3 Rd7 15. a4 b4 16. Ne2 Re8 17. Kh1 Bb7 18. Qf2 Na5 19. Nd2 f6 20. Qd4 Nc6 21. Qf2 d5 22. exd5 Rxd5 23. Nc4 Na5 24. Ne3 Rd6 25. Bxg6 hxg6 26. Qg3 Nc4 27. Rxd6 Nxd6 28. Qxg6 Be4 29. Qh5 Qb6 30. Qh3 Qc5 31. Rd1 Bxc2 32. Rc1 b3 33. Nxc2 bxc2 34. Nc3 Qf2 35. Qd3 Qxf4 36. Rxc2 Nf5 37. Rd2 a5 38. Rd1 Kf7 39. Rf1 Rd8 40. Rxf4 Rxd3 41. Rc4 Rd2 42. Rc7+ Kg6 43. Rb7 Nh4 44. Rb5 Rxg2 45. Rxa5 Rxb2 46. Kg1 f5 47. Rc5 e5 48. a5 e4 49. Kf1 Nf3 50. Ne2 Nxh2+ 51. Ke1 Nf3+ 52. Kf1 Kg5 53. a6 Ra2 54. Nc3 Rxa6 55. Nxe4+ Kf4 56. Nc3 Nd2+ 57. Ke2 Ne4 58. Rc4 g5 59. Nd5+ Ke5 60. Nb4 Rh6 61. Nd3+ Kd5 62. Rc8 Kd4 63. Rd8+ Nd6 64. Nf2 Ke5 65. Nd3+ Ke4 66. Nf2+ Kf4 67. Nd3+ Kg3 68. Rg8 Re6+ 69. Kf1 Ne4 70. Ra8 f4 71. Ra3 f3 72. Kg1 g4 73. Rb3 Ra6 74. Rb1 Ra2 75. Re1 f2+ 0-1

[Event "FIDE Women GP Monaco 2019"]
[Site "Monaco"]
[Date "2019.12.05"]
[Round "3.2"]
[White "Cramling, Pia"]
[Black "Harika, Dronavalli"]
[Result "1/2-1/2"]
[ECO "D31"]
[WhiteElo "2461"]
[BlackElo "2518"]
[Annotator "ChessBase"]
[PlyCount "63"]
[EventDate "2019.12.03"]
[EventType "tourn"]
[EventCountry "MNC"]
[SourceTitle "playchess.com"]
[Source "ChessBase"]
[SourceQuality "1"]
[TimeControl "40/5400+30:1800+30"]

1. c4 e6 2. Nc3 d5 3. d4 c6 4. e4 dxe4 5. Nxe4 Bb4+ 6. Nc3 e5 7. Be3 exd4 8. Qxd4 Qxd4 9. Bxd4 Nf6 10. a3 Be7 11. Nf3 Nbd7 12. Bd3 Nc5 13. Bc2 Bg4 14. Ne5 Rd8 15. Be3 Be6 16. O-O O-O 17. Rfd1 a6 18. h3 Ncd7 19. Nxd7 Nxd7 20. b3 b5 21. cxb5 cxb5 22. Nd5 Bxd5 23. Rxd5 Nf6 24. Rxd8 Rxd8 25. a4 Nd5 26. Rd1 Nxe3 27. Rxd8+ Bxd8 28. fxe3 bxa4 29. bxa4 a5 30. Kf2 h6 31. Kf3 Kf8 32. Ke4 1/2-1/2

[Event "FIDE Women GP Monaco 2019"]
[Site "Monaco"]
[Date "2019.12.05"]
[Round "3.3"]
[White "Goryachkina, Aleksandra"]
[Black "Zhao, Xue"]
[Result "1-0"]
[ECO "D38"]
[WhiteElo "2572"]
[BlackElo "2485"]
[Annotator "ChessBase"]
[PlyCount "121"]
[EventDate "2019.12.03"]
[EventType "tourn"]
[EventCountry "MNC"]
[SourceTitle "playchess.com"]
[Source "ChessBase"]
[SourceQuality "1"]
[TimeControl "40/5400+30:1800+30"]

1. Nf3 d5 2. d4 Nf6 3. c4 e6 4. Nc3 Bb4 5. Bg5 h6 6. Bxf6 Qxf6 7. e3 c6 8. Rc1 Nd7 9. a3 Be7 10. Bd3 O-O 11. O-O Rd8 12. Qe2 Bf8 13. Rfd1 b6 14. cxd5 exd5 15. e4 Bb7 16. exd5 cxd5 17. Ba6 Bc6 18. Nb5 Re8 19. Qc2 Bxb5 20. Bxb5 Re7 21. Qc6 Qxc6 22. Bxc6 Rd8 23. Bxd5 Re2 24. Rb1 Rc8 25. Bb3 g5 26. Kf1 Re4 27. h3 Bg7 28. Rbc1 Rd8 29. Rc7 a5 30. Rb7 Kf8 31. Ba4 Ke7 32. Rc1 Re6 33. Rcc7 Rd6 34. Ne5 Bxe5 35. dxe5 Rd4 36. Bxd7 R8xd7 37. Rxd7+ Rxd7 38. Rxb6 Rd2 39. g4 Rd5 40. Rxh6 Rxe5 41. Rb6 f6 42. a4 Rc5 43. Ke2 Rc4 44. b3 Rc3 45. f3 Kf7 46. Kf2 Rd3 47. Kg3 Rc3 48. Rb5 Kg6 49. Kf2 Kf7 50. Rxa5 Rxb3 51. Rf5 Ra3 52. a5 Ke6 53. Ke2 Ra1 54. Kd3 Rh1 55. Kc4 Rxh3 56. a6 Rh1 57. Ra5 Rh8 58. a7 Ra8 59. Kc5 Ke5 60. Kb6+ Kf4 61. Rf5+ 1-0

[Event "FIDE Women GP Monaco 2019"]
[Site "Monaco"]
[Date "2019.12.05"]
[Round "3.4"]
[White "Gunina, Valentina"]
[Black "Kosteniuk, Alexandra"]
[Result "1-0"]
[ECO "E17"]
[WhiteElo "2492"]
[BlackElo "2483"]
[Annotator "ChessBase"]
[PlyCount "79"]
[EventDate "2019.12.03"]
[EventType "tourn"]
[EventCountry "MNC"]
[SourceTitle "playchess.com"]
[Source "ChessBase"]
[SourceQuality "1"]
[TimeControl "40/5400+30:1800+30"]

1. d4 Nf6 2. c4 e6 3. Nf3 b6 4. g3 Bb7 5. Bg2 Be7 6. Nc3 O-O 7. Bd2 Qc8 8. O-O Na6 9. Bg5 d5 10. cxd5 exd5 11. Rc1 Rd8 12. Ne5 c5 13. f4 Nc7 14. e3 Nce8 15. g4 Ba6 16. Rf3 Qb7 17. Rh3 cxd4 18. exd4 Rac8 19. Rc2 Nc7 20. f5 Nb5 21. Be3 Nxc3 22. bxc3 Ne4 23. Bxe4 dxe4 24. g5 Bd6 25. Qh5 Bxe5 26. dxe5 Qd5 27. Kg2 Qxe5 28. Qxh7+ Kf8 29. f6 gxf6 30. Rf2 Rxc3 31. gxf6 Ke8 32. Qg8+ Kd7 33. Qxf7+ Kc8 34. Bf4 Qd4 35. Rxc3+ Qxc3 36. Qe6+ Rd7 37. f7 Qg7+ 38. Bg3 Qf8 39. Rc2+ Kd8 40. Qf6+ 1-0

[Event "FIDE Women GP Monaco 2019"]
[Site "Monaco"]
[Date "2019.12.06"]
[Round "4.1"]
[White "Dzagnidze, Nana"]
[Black "Koneru, Humpy"]
[Result "1/2-1/2"]
[ECO "E15"]
[WhiteElo "2520"]
[BlackElo "2574"]
[Annotator "ChessBase"]
[PlyCount "89"]
[EventDate "2019.12.03"]
[EventType "tourn"]
[EventCountry "MNC"]
[SourceTitle "playchess.com"]
[Source "ChessBase"]
[SourceQuality "1"]
[TimeControl "40/5400+30:1800+30"]

1. d4 Nf6 2. c4 e6 3. Nf3 b6 4. g3 Bb4+ 5. Bd2 Bxd2+ 6. Qxd2 Ba6 7. b3 c6 8. Nc3 d5 9. e4 dxe4 10. Ng5 O-O 11. Bg2 Nbd7 12. Ngxe4 Qc7 13. O-O Rad8 14. Rfe1 Rfe8 15. Rad1 Bb7 16. Qf4 Qxf4 17. gxf4 Nxe4 18. Nxe4 Nf6 19. Nxf6+ gxf6 20. f5 Kf8 21. f4 Re7 22. Kf2 Ke8 23. Bf3 exf5 24. b4 Rxe1 25. Rxe1+ Kf8 26. Rd1 Ba6 27. c5 Bb5 28. d5 bxc5 29. bxc5 cxd5 30. Rxd5 Rc8 31. Rxf5 Bd7 32. Rd5 Be6 33. Rh5 f5 34. c6 Rb8 35. Rxh7 Rb2+ 36. Ke3 Rxa2 37. Rh8+ Ke7 38. Ra8 Rxh2 39. Rxa7+ Kd6 40. Ra3 Rc2 41. Rd3+ Ke7 42. Rd4 Rc3+ 43. Rd3 Rc2 44. Rd4 Rc3+ 45. Rd3 1/2-1/2

[Event "FIDE Women GP Monaco 2019"]
[Site "Monaco"]
[Date "2019.12.06"]
[Round "4.2"]
[White "Lagno, Kateryna"]
[Black "Muzychuk, Anna"]
[Result "0-1"]
[ECO "C78"]
[WhiteElo "2547"]
[BlackElo "2537"]
[Annotator "ChessBase"]
[PlyCount "106"]
[EventDate "2019.12.03"]
[EventType "tourn"]
[EventCountry "MNC"]
[SourceTitle "playchess.com"]
[Source "ChessBase"]
[SourceQuality "1"]
[TimeControl "40/5400+30:1800+30"]

1. e4 e5 2. Nf3 Nc6 3. Bb5 a6 4. Ba4 Nf6 5. O-O b5 6. Bb3 Bb7 7. d3 Bc5 8. c3 d6 9. Bg5 h6 10. Bh4 g5 11. Bg3 Qe7 12. Re1 h5 13. h4 g4 14. Ng5 Nd8 15. d4 Bb6 16. f4 gxf3 17. Qxf3 Ng4 18. Kh1 f6 19. Nh3 Ne6 20. Qf5 Ng7 21. Qg6+ Kd7 22. dxe5 fxe5 23. Rf1 Rh6 24. Qf7 Rf6 25. Qxe7+ Kxe7 26. Nd2 Be3 27. Nf3 Bxe4 28. Nfg5 Bd3 29. Rxf6 Nxf6 30. Bf2 Nf5 31. Bxe3 Nxe3 32. Nf2 Bc4 33. Re1 Bxb3 34. axb3 Nf5 35. Nf3 Ng4 36. Nd3 Kd7 37. Kg1 Rg8 38. Nf2 Nxf2 39. Kxf2 Rg4 40. Ra1 e4 41. Ne1 e3+ 42. Kg1 Rf4 43. Nc2 Rxh4 44. Rxa6 Rf4 45. Ra1 e2 46. Re1 Ng3 47. Kh2 h4 48. Kh3 c5 49. Ra1 Re4 50. Ne1 b4 51. Ra8 Nf5 52. c4 Rf4 53. Ra1 Rf1 0-1

[Event "FIDE Women GP Monaco 2019"]
[Site "Monaco"]
[Date "2019.12.06"]
[Round "4.3"]
[White "Paehtz, Elisabeth"]
[Black "Cramling, Pia"]
[Result "0-1"]
[ECO "B41"]
[WhiteElo "2475"]
[BlackElo "2461"]
[Annotator "ChessBase"]
[PlyCount "94"]
[EventDate "2019.12.03"]
[EventType "tourn"]
[EventCountry "MNC"]
[SourceTitle "playchess.com"]
[Source "ChessBase"]
[SourceQuality "1"]
[TimeControl "40/5400+30:1800+30"]

1. e4 c5 2. Nf3 e6 3. d4 cxd4 4. Nxd4 a6 5. c4 Nf6 6. Nc3 Bb4 7. Qf3 d6 8. Nc2 Bxc3+ 9. Qxc3 O-O 10. Bd3 e5 11. O-O Be6 12. f4 exf4 13. Bxf4 Nc6 14. Rad1 Ng4 15. Be2 Qb6+ 16. Ne3 Nf6 17. Bf3 Rfd8 18. Bxd6 Bxc4 19. Qxc4 Qxe3+ 20. Kh1 Re8 21. Rde1 Qg5 22. e5 Nxe5 23. Bxe5 Rxe5 24. Rxe5 Qxe5 25. Bxb7 Rb8 26. Bxa6 Rxb2 27. Bb7 g6 28. a4 Kg7 29. Bc6 Rd2 30. Qb5 Qd4 31. Bf3 Rb2 32. Qa6 Ra2 33. a5 Qc3 34. Qb7 Rxa5 35. h3 h5 36. Qb1 Ra4 37. Qc1 Qe5 38. Re1 Qd6 39. Rd1 Qe5 40. Re1 Qg3 41. Qe3 Ra5 42. Bc6 Qd6 43. Bf3 Rf5 44. Kg1 g5 45. Rd1 Qg3 46. Qd3 Re5 47. Bb7 Re1+ 0-1

[Event "FIDE Women GP Monaco 2019"]
[Site "Monaco"]
[Date "2019.12.06"]
[Round "4.4"]
[White "Zhao, Xue"]
[Black "Gunina, Valentina"]
[Result "1-0"]
[ECO "E11"]
[WhiteElo "2485"]
[BlackElo "2492"]
[Annotator "ChessBase"]
[PlyCount "79"]
[EventDate "2019.12.03"]
[EventType "tourn"]
[EventCountry "MNC"]
[SourceTitle "playchess.com"]
[Source "ChessBase"]
[SourceQuality "1"]
[TimeControl "40/5400+30:1800+30"]

1. d4 Nf6 2. c4 e6 3. Nf3 Bb4+ 4. Nbd2 a5 5. a3 Be7 6. e4 d5 7. e5 Nfd7 8. Bd3 c5 9. O-O Nc6 10. Re1 cxd4 11. cxd5 Nc5 12. dxc6 Nxd3 13. Re4 Qc7 14. Nc4 Nc5 15. Rxd4 O-O 16. Bg5 bxc6 17. Bxe7 Qxe7 18. Qc2 f5 19. Nd6 Ne4 20. Qxc6 Rb8 21. Rc1 Bb7 22. Nxb7 Rxb7 23. h4 h6 24. Rcd1 Rxb2 25. Rd7 Qe8 26. Qc7 Qg6 27. Rd8 Rxd8 28. Rxd8+ Kh7 29. Qc8 Qf7 30. Rf8 Qe7 31. h5 Rb1+ 32. Kh2 Qxf8 33. Qxf8 Nxf2 34. Qe8 Rh1+ 35. Kg3 Ne4+ 36. Kf4 Nc5 37. Qe7 Rc1 38. Ke3 Rc4 39. Nd4 f4+ 40. Ke2 1-0

[Event "FIDE Women GP Monaco 2019"]
[Site "Monaco"]
[Date "2019.12.06"]
[Round "4.5"]
[White "Harika, Dronavalli"]
[Black "Goryachkina, Aleksandra"]
[Result "0-1"]
[ECO "D45"]
[WhiteElo "2518"]
[BlackElo "2572"]
[Annotator "ChessBase"]
[PlyCount "110"]
[EventDate "2019.12.03"]
[EventType "tourn"]
[EventCountry "MNC"]
[SourceTitle "playchess.com"]
[Source "ChessBase"]
[SourceQuality "1"]
[TimeControl "40/5400+30:1800+30"]

1. Nf3 d5 2. d4 Nf6 3. c4 c6 4. Nc3 e6 5. e3 Nbd7 6. Be2 Bd6 7. O-O O-O 8. a4 a5 9. Qc2 Qe7 10. Rd1 h6 11. h3 Re8 12. e4 Nxe4 13. Nxe4 dxe4 14. Qxe4 e5 15. dxe5 Nxe5 16. Nxe5 Qxe5 17. Qxe5 Bxe5 18. Bd3 Be6 19. Be3 Red8 20. Rab1 Kf8 21. b3 Bd4 22. Kf1 Bxe3 23. fxe3 Rd7 24. Be2 Rxd1+ 25. Rxd1 Ke7 26. Ke1 Rd8 27. Rb1 c5 28. Rc1 Kf6 29. Rc3 Ke5 30. Bf3 Rd7 31. Ke2 Bf5 32. h4 Be4 33. Rc1 Rd3 34. Rf1 g5 35. Bxe4 Kxe4 36. Rxf7 Rxe3+ 37. Kf2 Rxb3 38. Rf6 gxh4 39. Rxh6 Rb2+ 40. Kg1 Kd3 41. Rxh4 Rb4 42. g4 Rxc4 43. Rh3+ Ke4 44. Rg3 Kf4 45. Kh2 Kg5 46. Kh3 Rxa4 47. Re3 Rxg4 48. Re5+ Kf6 49. Rxc5 Rg5 50. Rc7 Rb5 51. Kg4 a4 52. Kf4 Rb3 53. Ke4 a3 54. Rc1 b5 55. Kd4 b4 0-1

[Event "FIDE Women GP Monaco 2019"]
[Site "Monaco"]
[Date "2019.12.06"]
[Round "4.6"]
[White "Kosteniuk, Alexandra"]
[Black "Muzychuk, Mariya"]
[Result "1/2-1/2"]
[ECO "B10"]
[WhiteElo "2483"]
[BlackElo "2559"]
[Annotator "ChessBase"]
[PlyCount "46"]
[EventDate "2019.12.03"]
[EventType "tourn"]
[EventCountry "MNC"]
[SourceTitle "playchess.com"]
[Source "ChessBase"]
[SourceQuality "1"]
[TimeControl "40/5400+30:1800+30"]

1. e4 c6 2. Nc3 d5 3. Nf3 dxe4 4. Nxe4 Nf6 5. Qe2 Nxe4 6. Qxe4 Nd7 7. Bc4 Nf6 8. Ne5 e6 9. Qe2 b5 10. Bb3 Qc7 11. d4 Bd6 12. a4 b4 13. O-O O-O 14. Re1 a5 15. Qf3 Bb7 16. Qg3 Nd5 17. Qh4 c5 18. Bc4 Be7 19. Qg4 Nf6 20. Qg3 Ne4 21. Qg4 Nf6 22. Qg3 Ne4 23. Qg4 Nf6 1/2-1/2

[Event "FIDE Women GP Monaco 2019"]
[Site "Monaco"]
[Date "2019.12.07"]
[Round "5.1"]
[White "Cramling, Pia"]
[Black "Dzagnidze, Nana"]
[Result "1/2-1/2"]
[ECO "D39"]
[WhiteElo "2461"]
[BlackElo "2520"]
[Annotator "ChessBase"]
[PlyCount "64"]
[EventDate "2019.12.03"]
[EventType "tourn"]
[EventCountry "MNC"]
[SourceTitle "playchess.com"]
[Source "ChessBase"]
[SourceQuality "1"]
[TimeControl "40/5400+30:1800+30"]

1. Nf3 Nf6 2. c4 e6 3. d4 d5 4. Bg5 Bb4+ 5. Nc3 dxc4 6. e4 h6 7. Bxf6 Qxf6 8. Bxc4 c5 9. O-O cxd4 10. Nb5 Qe7 11. Qxd4 O-O 12. Nxa7 Bc5 13. Nxc8 Rxc8 14. Qd3 Nc6 15. Rad1 Qf6 16. Qe2 Nd4 17. Nxd4 Bxd4 18. Rd2 Rd8 19. g3 Bb6 20. Rfd1 Rxd2 21. Rxd2 Rd8 22. Rxd8+ Qxd8 23. Kg2 g5 24. b3 Qd4 25. Qe3 Qxe3 26. fxe3 Bxe3 27. Kf3 Bd4 28. Kg4 Kg7 29. h4 gxh4 30. Kxh4 Kf6 31. Kg4 Ke5 32. Kf3 Bc5 1/2-1/2